 Dungeon Crawl Stone Soup version 0.30-a0-586-g23e55c9e0a (webtiles) character file.

Game seed: 4997581951785938220

11629 bmack86 the Cleaver (level 11, -4/97 HPs)
             Began as a Minotaur Fighter on Jan 3, 2023.
             Was a High Priest of Okawaru.
             Slain by a cane toad (6 damage)
             ... on level 1 of the Lair of Beasts.
             The game lasted 00:32:01 (12780 turns).

bmack86 the Cleaver (Minotaur Fighter)             Turns: 12780, Time: 00:32:02

Health: -4/97      AC: 20    Str: 24    XL:     11   Next: 51%
Magic:  14/14      EV:  7    Int:  5    God:    Okawaru [*****.]
Gold:   105        SH:  6    Dex: 11    Spells: 10/10 levels left

rFire   + . .      SeeInvis .    o - +7 broad axe (heavy)
rCold   x . .      Faith    .    c - +0 buckler
rNeg    . . .      Spirit   .    F - +0 plate armour
rPois   .          Reflect  .    (helmet restricted)
rElec   .          Harm     .    p - +0 cloak {rCorr}
rCorr   +          Rampage  .    r - +0 pair of gloves
Will    .....                    f - +2 pair of boots {Stlth+} Stlth
                                 (no amulet)
HPRegen 0.36/turn                B - ring of fire
MPRegen 0.14/turn                (no ring)

@: frozen, very slow
A: horns 2, retaliatory headbutt
a: Renounce Religion, Heroism, Finesse, Duel


You were on level 1 of the Lair of Beasts.
You worshipped Okawaru.
Okawaru was extremely pleased with you.
You visited 2 branches of the dungeon, and saw 11 of its levels.

You collected 919 gold pieces.
You spent 814 gold pieces at shops.

Inventory:

Hand Weapons
 a - a +1 war axe
 o - a +7 heavy broad axe (weapon)
Missiles
 l - 2 javelins (quivered)
 s - 6 boomerangs
 z - 5 curare-tipped darts
 C - a throwing net
Armour
 c - a +0 buckler (worn)
 f - a +2 pair of boots of stealth (worn)
 p - a +0 cloak of preservation (worn)
 r - a +0 pair of gloves (worn)
 F - a +0 plate armour (worn)
Jewellery
 b - an amulet of faith
 B - a ring of fire (left hand)
Wands
 n - a wand of paralysis (24)
 A - a wand of roots (5)
 E - a wand of digging (5)
Scrolls
 h - 3 scrolls of poison
 i - a scroll of identify
 k - 4 scrolls of amnesia
 m - 3 scrolls of teleportation
 q - a scroll of silence
 v - a scroll of fog
 y - a scroll of fear
Potions
 d - 3 potions of might
 e - a potion of curing
 g - 4 potions of flight
 j - 3 potions of resistance
 t - 2 potions of haste
 u - a potion of cancellation
 w - 3 potions of heal wounds
 x - 2 potions of brilliance
Miscellaneous
 D - a piece from Xom's chessboard (15/15)


   Skills:
 + Level 9.5 Fighting
 * Level 12.4 Axes
 + Level 6.9 Throwing
 + Level 9.4 Armour
 + Level 9.5 Shields
 + Level 5.4 Invocations


You had 10 spell levels left.
You didn't know any spells.
Your spell library contained the following spells:

 Spells                   Type           Power      Damage    Failure   Level
 Slow                     Hex            0%         N/A       100%        1
 Ensorcelled Hibernation  Hex/Ice        0%         N/A       100%        2
 Confusing Touch          Hex            0%         N/A       100%        3
 Ignite Poison            Fire/Tmut/Pois 0%         N/A       100%        3
 Inner Flame              Hex/Fire       0%         N/A       100%        3
 Spider Form              Tmut/Pois      0%         N/A       100%        3
 Vampiric Draining        Necr           0%         2d6       100%        3
 Anguish                  Hex/Necr       0%         N/A       100%        4
 Flame Wave               Conj/Fire      0%         2d4       100%        4
 Sticky Flame             Conj/Fire      0%         2d3       100%        4
 Alistair's Intoxication  Tmut/Pois      0%         N/A       100%        5
 Eringya's Noxious Bog    Tmut/Pois      0%         N/A       100%        6
 Starburst                Conj/Fire      0%         6d3       100%        6
 Ignition                 Fire           0%         3d3       100%        8
 Summon Small Mammal      Summ           Unusable   N/A       N/A         1
 Call Canine Familiar     Summ           Unusable   N/A       N/A         3
 Summon Guardian Golem    Hex/Summ       Unusable   N/A       N/A         3

Dungeon Overview and Level Annotations

Branches:
Dungeon (10/15)            Temple (0/1) D:7            Lair (1/5) D:10
    Orc: D:9-12

Altars:
Ashenzari
Cheibriados
Dithmenos
Elyvilon
Fedhas
Gozag
Kikubaaqudgha
Nemelex Xobeh
Okawaru
Qazlal
Trog
Uskayaw
Vehumet
Wu Jian
Yredelemnul
The Shining One

Shops:
D:2 ?   D:5 (([:

Annotations:
D:4 exclusion: statue
D:9 3 runed translucent doors, exclusion: obsidian statue, snackwell's ghost, novice VSFi


Innate Abilities, Weirdness & Mutations

You have a pair of horns on your head.
You reflexively headbutt those who attack you in melee.


Message History

A cane toad comes into view.
You block the blink frog's attack.
The cane toad croaks.
The blink frog hits you!
The rime drake bites you but does no damage.
The blink frog barely misses you. x2
The rime drake bites you but does no damage.
The blink frog blinks! x2
The blink frog closely misses you. You block the rime drake's attack.
The blink frog hits you! You block the blink frog's attack.
The blink frog attacks as you move away!
The blink frog closely misses you.
The blink frog blinks!
The rime drake bites you.
The blink frog hits you but does no damage. x2
The rime drake bites you but does no damage.
The blink frog hits you!
* * * LOW HITPOINT WARNING * * *
The blink frog blinks!
The blink frog hits you.
* * * LOW HITPOINT WARNING * * *
You slash the blink frog!
The blink frog is moderately wounded.
You barely miss the blink frog. You hit the rime drake.
You slice the blink frog!! The ice encasing you melts away.
The blink frog hits you but does no damage.
The blink frog completely misses you. The rime drake breathes ice at you.
The icy flash freeze hits you!
You feel a painful chill!
* * * LOW HITPOINT WARNING * * *
You are encased in ice.
The blink frog blinks!
You block the blink frog's attack.
The rime drake bites you but does no damage.
You barely miss the cane toad. You miss the blink frog.
You slash the rime drake! The blink frog barely misses you.
The blink frog blinks!
The rime drake bites you but does no damage.
The blink frog hits you!
* * * LOW HITPOINT WARNING * * *
The cane toad stings you.
You die...

...## #.# .....# .. ##..
#......## #.. #..#
+...8...## #...#...
..$.....## ....##..
#..F....#### #.......
####.#..8..#.######......
........F......8.##......
........@...#............
...8..8kFF8.+..>.8.......
..F....F..........#......
............##.8.#.....##
#.##.#.(8..#######.......
# #....ยง..# ##..##....
......#.# #.........
..8....### ###.......
#...((..


You could see a cane toad, 5 blink frogs and a rime drake.

Vanquished Creatures
  Lodul (D:10)
  The ghost of Bediveer the Changer, a novice OpTm of Gozag (D:6)
  2 cane toads (Lair:1)
  2 komodo dragons
  2 trolls (D:9)
  Grinder (D:6)
  Sigmund (D:6)
  14 yaks
  A wyvern (D:7)
  A shadow (D:9)
  A basilisk (Lair:1)
  Menkaure (D:7)
  2 steam dragons
  An acid dragon (D:8)
  Duvessa (D:6)
  A water moccasin (D:6)
  3 ice beasts
  5 orc warriors
  2 sky beasts
  7 ogres
  3 centaurs
  6 phantoms
  12 kobold brigands
  5 bullfrogs
  A necrophage (D:4)
  A gnoll sergeant (D:9)
  5 scorpions
  12 wights
  Dowan (D:6)
  4 howler monkeys
  7 orc priests
  4 hounds
  2 jellies
  3 iguanas
  9 orc wizards
  15 gnolls
  4 adders
  A white imp (D:6)
  An ufetubus (D:3)
  2 worms
  3 dart slugs
  38 orcs
  2 ball pythons
  8 endoplasms
  6 giant cockroaches
  9 goblins
  16 hobgoblins
  22 kobolds
  6 quokkas
  4 bats
  A frilled lizard (D:1)
  2 rats (D:2)
265 creatures vanquished.

Vanquished Creatures (others)
  An iguana (D:7)
  A white imp (D:7)
  An orc (D:7)
  11 plants (D:10)
14 creatures vanquished.

Grand Total: 279 creatures vanquished

Notes
Turn   | Place    | Note
-------+----------+-------------------------------------------
     0 | D:1      | bmack86 the Minotaur Fighter began the quest for the Orb.
     0 | D:1      | Reached XP level 1. HP: 19/19 MP: 0/0
   212 | D:1      | Reached XP level 2. HP: 26/27 MP: 1/1
   229 | D:1      | Found a faded altar of an unknown god.
   403 | D:1      | Reached skill level 3 in Axes
   752 | D:1      | Identified a scroll of acquirement
   752 | D:1      | Acquired a +1 pair of boots of stealth
   779 | D:2      | Reached XP level 3. HP: 10/33 MP: 2/2
  1438 | D:2      | Reached XP level 4. HP: 37/40 MP: 3/3
  1463 | D:2      | Found Boun's Magic Scroll Boutique.
  1518 | D:2      | Got Sif Muna's Papyrus of Altered Blasting
  1594 | D:3      | Reached skill level 4 in Axes
  1779 | D:3      | Reached XP level 5. HP: 46/47 MP: 4/4
  1816 | D:3      | Reached skill level 1 in Throwing
  1840 | D:3      | HP: 2/47 [gnoll/+0 spear (5)]
  2396 | D:3      | Noticed an ice beast
  2408 | D:3      | Killed an ice beast
  2409 | D:3      | Reached skill level 5 in Axes
  2409 | D:3      | Reached XP level 6. HP: 8/55 MP: 5/5
  3060 | D:4      | Reached skill level 5 in Fighting
  3131 | D:4      | Reached skill level 5 in Armour
  3285 | D:4      | Reached skill level 5 in Shields
  3287 | D:4      | Found a radiant altar of Vehumet.
  3515 | D:4      | Reached XP level 7. HP: 51/61 MP: 6/6
  3586 | D:4      | Reached skill level 6 in Axes
  4278 | D:5      | Entered Level 5 of the Dungeon
  4455 | D:5      | Found Wousichi's Antique Weapon Shoppe.
  4483 | D:5      | Found a glowing golden altar of the Shining One.
  4484 | D:5      | Found an opulent altar of Gozag.
  4484 | D:5      | Found a blossoming altar of Fedhas.
  4490 | D:5      | Found a hide-covered altar of Uskayaw.
  4490 | D:5      | Found a snail-covered altar of Cheibriados.
  4492 | D:5      | Found an iron altar of Okawaru.
  4492 | D:5      | Found a basalt altar of Yredelemnul.
  4493 | D:5      | Found a stormy altar of Qazlal.
  4512 | D:5      | Reached skill level 7 in Axes
  4512 | D:5      | Reached XP level 8. HP: 46/70 MP: 7/7
  4515 | D:5      | Became a worshipper of Warmaster Okawaru
  4652 | D:5      | Found Nodaurgh's Antique Weapon Emporium.
  4850 | D:5      | Found Qiuvohom's Armour Emporium.
  4964 | D:5      | Found Ikhiz's Book Shop.
  4990 | D:5      | Reached * piety under Okawaru
  5107 | D:5      | Found an ornate altar of the Wu Jian Council.
  5245 | D:5      | Bought a +0 cloak of preservation for 138 gold pieces
  5309 | D:6      | Reached skill level 8 in Axes
  5521 | D:6      | Noticed Sigmund
  5540 | D:6      | Killed Sigmund
  5541 | D:6      | Reached skill level 1 in Invocations
  5541 | D:6      | Reached XP level 9. HP: 68/78 MP: 8/8
  5599 | D:6      | Noticed Grinder
  5603 | D:6      | Paralysed by Grinder for 3 turns
  5622 | D:6      | Killed Grinder
  5622 | D:6      | Reached ** piety under Okawaru
  5964 | D:6      | Noticed Duvessa
  5964 | D:6      | Noticed Dowan
  5968 | D:6      | Killed Dowan
  5982 | D:6      | Killed Duvessa
  5983 | D:6      | Reached skill level 9 in Axes
  5985 | D:6      | Found a runed translucent gate.
  5985 | D:6      | Found a runed translucent gate.
  5985 | D:6      | Found a runed translucent gate.
  6189 | D:6      | Noticed Bediveer's ghost (novice OpTm)
  6361 | D:6      | Killed Bediveer's ghost
  6363 | D:6      | Reached skill level 5 in Throwing
  6374 | D:6      | HP: 4/80 [kobold brigand/+2 short sword of distortion (2)]
  6650 | D:7      | Reached skill level 10 in Axes
  6836 | D:7      | Found a staircase to the Ecumenical Temple.
  6968 | D:7      | Reached XP level 10. HP: 78/87 MP: 8/11
  6985 | D:7      | Reached *** piety under Okawaru
  7268 | D:7      | Noticed Menkaure
  7274 | D:7      | Killed Menkaure
  8466 | D:8      | Identified the +6 dagger of the Pyrrhic Victory {flame,
                  | Int+4}
  8966 | D:8      | Found a shadowy altar of Dithmenos.
  9250 | D:9      | Found a bloodstained altar of Trog.
  9254 | D:9      | Found a white marble altar of Elyvilon.
  9360 | D:9      | Reached skill level 11 in Axes
  9565 | D:9      | Reached **** piety under Okawaru
 10220 | D:9      | Found an ancient bone altar of Kikubaaqudgha.
 10222 | D:9      | Found a sparkling altar of Nemelex Xobeh.
 10247 | D:9      | Found a runed translucent gate.
 10247 | D:9      | Found a runed translucent gate.
 10247 | D:9      | Found an opulent altar of Gozag.
 10248 | D:9      | Found a runed translucent gate.
 10248 | D:9      | Noticed a four-headed hydra
 10249 | D:9      | Noticed an obsidian statue
 10249 | D:9      | Noticed a boulder beetle
 10250 | D:9      | Noticed snackwell's ghost (novice VSFi)
 10516 | D:10     | Entered Level 10 of the Dungeon
 10534 | D:10     | Noticed Lodul
 10623 | D:9      | Reached XP level 11. HP: 82/95 MP: 10/13
 10661 | D:10     | Killed Lodul
 10757 | D:10     | Found a staircase to the Lair.
 10971 | D:10     | Received a gift from Okawaru
 10975 | D:10     | Reached skill level 5 in Invocations
 11259 | D:10     | Found a broken altar of Ashenzari.
 11372 | D:10     | Reached skill level 12 in Axes
 11515 | D:10     | Reached ***** piety under Okawaru
 12057 | Lair:1   | Entered Level 1 of the Lair of Beasts
 12490 | D:2      | Bought a scroll of acquirement for 676 gold pieces
 12490 | D:2      | Acquired a +4 heavy broad axe
 12780 | Lair:1   | HP: 2/97 [blink frog (11)]
 12780 | Lair:1   | Slain by a cane toad

Illustrated notes

Levels and vault maps discovered:
D:1:      dpeg_arrival_another_circle, layout_basic,
          hellmonk_ecumenical_altar_pennies_from_heaven
D:2:      layout_basic, serial_shops, shop, minmay_misc_feat_encased
D:3:      layout_basic, st_stairs_14, minmay_misc_feat_rugged,
          chequers_mini_garden, minmay_divided_ellipse
D:4:      layout_basic, vehumet_statue
D:5:      layout_rooms, nzn_wu_jian_council_hall, grunt_temple_overflow_open,
          serial_shops, nicolae_shop_behind_doors, shop,
          nicolae_inconvenience_store, nicolae_shop_stone, cheibrodos_gnoll_hut
D:6:      layout_cave_pools, gammafunk_ghost_nasty_kobolds, minmay_circle_x,
          uniq_duvessa, uniq_grinder, uniq_sigmund
D:7:      layout_basic, temple_hall_moat, roderic_roman_lattice,
          kennysheep_dice, uniq_menkaure
D:8:      layout_loops_ring, grunt_dithmenos_smoke, minmay_door_square,
          chequers_serial_rivers_large_b
D:9:      layout_stronghold, nicolae_overflow_hidden_temple, ebering_ghost_gozag
D:10:     layout_irregular_city, nicolae_ashenzari_panopticon,
          david_lair_shrubbed, uniq_lodul
Lair:1:   layout_cave_shapes, hellmonk_guarded_unrand_zhor, grunt_megastairs_3,
          infiniplex_staircase_pool, lemuel_fruit_tree

Skill      XL: |  1  2  3  4  5  6  7  8  9 10 11 |
---------------+----------------------------------+-----
Axes           | 3 4 5 7 8 10 11 12 | 12.4
Fighting       | 4 5 6 7 8 9 |  9.5
Armour         | 4 5 6 7 8 9 |  9.4
Shields        | 4 5 6 7 9 |  9.5
Throwing       | 1 2 3 4 5 6 |  6.9
Invocations    | 1 3 4 5 |  5.4

Action                   |  1- 3 |  4- 6 |  7- 9 | 10-12 || total
-------------------------+-------+-------+-------+-------++-------
Melee: War axe           |    87 |   137 |   180 |   297 ||   701
       Headbutt          |     9 |    12 |    41 |    67 ||   129
       Broad axe         |       |       |       |     7 ||     7
Throw: Boomerang         |       |       |     4 |       ||     4
       Javelin           |       |       |     2 |     3 ||     5
Invok: Heroism           |       |       |     5 |     3 ||     8
  Use: Scroll            |     4 |     5 |     7 |     9 ||    25
       Potion            |       |       |       |     3 ||     3
Armor: Scale mail        |    31 |       |       |       ||    31
       Chain mail        |    42 |    99 |   147 |   113 ||   401
       Plate armour      |       |       |       |    76 ||    76
Dodge: Dodged            |    54 |    40 |    79 |   119 ||   292
Block: Buckler           |    32 |    40 |    54 |    94 ||   220

Table legend: (Time is in decaauts)
 A = Elapsed time spent in this place.
 B = Non-inter-level travel time spent in this place.
 C = Inter-level travel time spent in this place.
 D = Time resting spent in this place.
 E = Time spent auto-exploring this place.
 F = Levels seen in this place.
 G = Mean time per level.
                   A        B        C        D        E       F      G
               +--------+--------+--------+--------+--------+-----+--------+
         Total |  12916 |  12304 |    612 |   2325 |   6426 |  11 | 1174.2 |
       Dungeon |  12490 |  11894 |    596 |   2094 |   6375 |  10 | 1249.0 |
          Lair |    426 |    411 |     15 |    231 |     51 |   1 |  426.0 |
               +--------+--------+--------+--------+--------+-----+--------+

Top non-repeatable levels by time:
     D:6: 1740 daAuts
    D:10: 1563 daAuts
     D:9: 1523 daAuts
     D:3: 1361 daAuts
     D:4: 1329 daAuts
     D:7: 1322 daAuts
     D:5: 1020 daAuts
     D:2: 976 daAuts
     D:8: 876 daAuts
     D:1: 777 daAuts
  Lair:1: 426 daAuts
